 Dungeon Crawl Stone Soup version 0.31-a0-1178-gc5c9b8f871 (webtiles) character file.

Game seed: 16193764851773834480

121 qw the Shooter (level 5, -3/32 HPs)
             Began as a Gargoyle Hunter on Dec 11, 2023.
             Slain by a gnoll
             ... wielding a +0 halberd
              (7 damage)
             ... on level 2 of the Dungeon.
             The game lasted 00:00:35 (826 turns).

qw the Shooter (Gargoyle Hunter)                     Turns: 826, Time: 00:00:35

Health: -3/32      AC:  9    Str: 14    XL:     5   Next: 5%
Magic:  5/5        EV: 10    Int: 10    God:
Gold:   45         SH:  0    Dex: 15    Spells: 4/4 levels left

rFire   . . .        a - +0 shortbow
rCold   . . .        (shield currently unavailable)
rNeg    + . .        d - +0 ring mail
rPois   inf          (no helmet)
rElec   +            (no cloak)
rCorr   .            (no gloves)
SInv    .            (no boots)
Will    .....        (no amulet)
Stlth   +            (no ring)
HPRegen 0.25/turn    (no ring)
MPRegen 0.09/turn

%: no passive effects
@: no status effects
A: sickness immunity, AC +4, negative energy resistance 1, electricity
resistance, torment resistance 1, petrification resistance
a: no special abilities


You were on level 2 of the Dungeon.
You visited 1 branch of the dungeon, and saw 2 of its levels.

You collected 75 gold pieces.
You spent 30 gold pieces at shops.


Innate Abilities, Weirdness & Mutations

You are immune to sickness and miasma.
Your stone body is resilient. (AC +4)
You are immune to poison.
You resist negative energy. (rN+)
You are resistant to electric shocks. (rElec)
You are resistant to unholy torment.
You are immune to petrification.


   Skills:
 - Level 3.1 Fighting
 + Level 5.6 Ranged Weapons
 - Level 1.0 Armour
 - Level 1.5 Dodging
 - Level 1.1 Stealth


You had 4 spell levels left.
You didn't know any spells.
Your spell library was empty.

Inventory:

Hand Weapons
 a - a +0 shortbow (weapon)
Armour
 d - a +0 ring mail (worn)
Scrolls
 c - a scroll of fog {unknown}
Potions
 b - a potion of brilliance {unknown}
 f - a potion of enlightenment {unknown}
 g - a potion of lignification {unknown}
 h - a potion of attraction {unknown}
 i - a potion of curing {unknown}

Dungeon Overview and Level Annotations

Branches:
Dungeon (2/15)

Altars:

Shops:
D:1 [(=   D:2 *


Message History

The gnoll is severely wounded.
The gnoll hits you but does no damage. The gnoll barely misses you.
You shoot an arrow.
The arrow hits the gnoll but does no damage.
The gnoll is severely wounded.
The gnoll hits you from afar with a +0 halberd!
The gnoll closely misses you.
817 ||| DRINKING potion of heal wounds.
You feel much better. The gnoll completely misses you.
The gnoll closely misses you.
You shoot an arrow.
The arrow hits the gnoll but does no damage.
The gnoll is severely wounded.
The gnoll barely misses you. The gnoll hits you with a +0 club.
The gnoll hits you from afar with a +0 halberd!
The gnoll barely misses you.
You shoot an arrow. The arrow barely misses the gnoll. x2
The gnoll hits you from afar with a +0 halberd.
The gnoll barely misses you.
You shoot an arrow. The arrow hits the gnoll.
You kill the gnoll!
The gnoll completely misses you.
You have reached level 5!
You shoot an arrow. The arrow hits the gnoll!
The gnoll is severely wounded.
The gnoll hits you from afar with a +0 halberd!
You shoot an arrow. The arrow hits the gnoll.
The gnoll is almost dead.
The gnoll barely misses you. x2
You shoot an arrow. The arrow barely misses the gnoll.
The gnoll barely misses you.
You shoot an arrow. The arrow barely misses the gnoll.
The gnoll closely misses you.
You shoot an arrow. The arrow closely misses the gnoll.
The gnoll barely misses you.
You shoot an arrow.
The arrow hits the gnoll but does no damage.
The gnoll is almost dead.
The gnoll hits you from afar with a +0 halberd.
The gnoll hits you from afar with a +0 halberd!
You die...

....# ....# ### .#### #.#
# .# #.####.# .# ##### #+
#......#
.###...####.####......###
...............%g........
.###.#.##.....##)##......
........#.#.#.##@# $(...
##.#.#.##.....##.# g...
##.#.####........# ...
.#.#.####....##### ..
.#.#.........# #
.#.#.........########
.+.....##.##..<.....#
.#.#...##.##........#
##.#...##...........#


You could see a gnoll.

Vanquished Creatures
  4 adders (D:2)
  5 gnolls (D:2)
  2 dart slugs (D:1)
  3 ball pythons (D:1)
  3 endoplasms (D:1)
  A giant cockroach (D:1)
  4 goblins (D:1)
  5 hobgoblins (D:1)
  A kobold (D:1)
  4 bats
  A frilled lizard (D:1)
  3 rats (D:1)
36 creatures vanquished.

Notes
Turn   | Place    | Note
-------+----------+-------------------------------------------
     0 | D:1      | qw the Gargoyle Hunter began the quest for the Orb.
     0 | D:1      | Reached XP level 1. HP: 12/12 MP: 1/1
     0 | D:1      | 0 ||| qw: Version: 0.3-a-106-g2cfff9e
     0 | D:1      | 0 ||| qw: Game counter: 2066
     0 | D:1      | 0 ||| qw: Melee chars always use a shield: true
     0 | D:1      | 0 ||| qw: God list: Okawaru
     0 | D:1      | 0 ||| qw: Allow faded altars: false
     0 | D:1      | 0 ||| qw: Do Orc after clearing Dungeon:15 true
     0 | D:1      | 0 ||| qw: Do second Lair branch before Depths: true
     0 | D:1      | 0 ||| qw: Lair rune preference: random
     0 | D:1      | 0 ||| qw: Goals: Normal, Save, Zot:1-4, Win
     0 | D:1      | 0 ||| PLANNING D:1-11
    17 | D:1      | Found Plog's Jewellery Boutique.
    50 | D:1      | 50 ||| SHOPLISTING amulet of regeneration (420 gold, have
                  | 0).
    50 | D:1      | 50 ||| SHOPLISTING ring of Fyth {^Drain Fly rC+++ SInv
                  | Stlth+} (788 gold, have 0).
    50 | D:1      | 50 ||| SHOPLISTING ring of Nailed {*Slow rF+++ Will+ Dex+5}
                  | (1006 gold, have 0).
    50 | D:1      | 50 ||| SHOPLISTING ring of fire (350 gold, have 0).
    50 | D:1      | 50 ||| SHOPLISTING ring of ice (350 gold, have 0).
    50 | D:1      | 50 ||| SHOPLISTING ring of resist corrosion (280 gold, have
                  | 0).
    50 | D:1      | 50 ||| SHOPLISTING ring of the Tortoise {AC+8} (1792 gold,
                  | have 0).
    85 | D:1      | Found Joaz's Weapon Shoppe.
    96 | D:1      | Reached XP level 2. HP: 7/17 MP: 2/2
   274 | D:1      | Reached XP level 3. HP: 21/21 MP: 3/3
   310 | D:1      | Reached skill level 5 in Ranged Weapons
   327 | D:1      | Found Gaas's Armour Emporium.
   333 | D:1      | 333 ||| SHOPLISTING +0 pair of gloves (49 gold, have 22).
   333 | D:1      | 333 ||| SHOPLISTING +1 pair of gloves of stealth (181 gold,
                  | have 22).
   333 | D:1      | 333 ||| SHOPLISTING +2 leather armour of fire resistance
                  | (209 gold, have 22).
   476 | D:1      | 476 ||| UPGRADING to +0 ring mail.
   486 | D:1      | 486 ||| DROPPING +0 leather armour.
   487 | D:1      | 487 ||| READING 2 scrolls labelled BAFY WAECRYTEG.
   487 | D:1      | 487 ||| IDENTIFYING clear potion
   488 | D:1      | 488 ||| READING scroll of identify.
   488 | D:1      | 488 ||| IDENTIFYING green potion
   489 | D:1      | 489 ||| DROPPING scroll of butterflies.
   490 | D:1      | 490 ||| DROPPING potion of ambrosia.
   550 | D:2      | Reached skill level 1 in Armour
   580 | D:2      | Reached skill level 3 in Fighting
   580 | D:2      | Reached XP level 4. HP: 28/28 MP: 4/4
   639 | D:2      | Found Houtokk's Assorted Antiques.
   647 | D:2      | 647 ||| SHOPLISTING cloak (135 gold, have 46).
   647 | D:2      | 647 ||| SHOPLISTING pair of boots (135 gold, have 46).
   647 | D:2      | 647 ||| SHOPLISTING pair of glowing boots (225 gold, have
                  | 46).
   647 | D:2      | 647 ||| BUYING scroll labelled ALAOLE GUCW (30 gold).
   647 | D:2      | Bought a scroll labelled ALAOLE GUCW for 30 gold pieces
   647 | D:2      | 647 ||| SHOPLISTING scroll labelled ALAOLE GUCW (30 gold,
                  | have 16).
   647 | D:2      | 647 ||| SHOPLISTING scroll labelled LOMYMAT XIDA (30 gold,
                  | have 16).
   647 | D:2      | 647 ||| SHOPLISTING scroll labelled XEODYU BALE (30 gold,
                  | have 16).
   647 | D:2      | 647 ||| SHOPLISTING scroll of identify (60 gold, have 16).
   647 | D:2      | 647 ||| SHOPLISTING silver wand (120 gold, have 16).
   808 | D:2      | 808 ||| Stepping ~*~*~tactically~*~*~ (retreating).
   811 | D:2      | 811 ||| Stepping ~*~*~tactically~*~*~ (retreating).
   816 | D:2      | HP: 4/28 [gnoll/+0 halberd (10)]
   817 | D:2      | 817 ||| DRINKING potion of heal wounds.
   821 | D:2      | Reached XP level 5. HP: 14/32 MP: 5/5
   821 | D:2      | HP: 7/32 [gnoll/+0 halberd (7)]
   826 | D:2      | HP: 4/32 [gnoll/+0 halberd (5)]
   826 | D:2      | Slain by a gnoll

Levels and vault maps discovered:
D:1:      dreamdust_arrival_beginning_and_end, layout_rooms, serial_shops, shop,
          nicolae_shop_temple_entry_statues_fountains, shop,
          nrook_mini_backslash, minmay_circled_x
D:2:      layout_basic, dilly_ecumenical_altar_fadedgnrine, serial_shops,
          nicolae_diamond_shop, uniq_jessica, uniq_natasha

Skill      XL: |  1  2  3 |
---------------+----------+-----
Ranged Weapons | 5 |  5.6
Armour         | 1 |  1.0
Fighting       | 3 |  3.1
Dodging        | |  1.5
Stealth        | |  1.1

Action                     |  1- 3 |  4- 6 || total
---------------------------+-------+-------++-------
   Fire: Shortbow          |   107 |    52 ||   159
    Use: Scroll            |     2 |       ||     2
         Potion            |       |     1 ||     1
 Armour: Leather armour    |    24 |       ||    24
         Ring mail         |     4 |    33 ||    37
  Dodge: Dodged            |    32 |    38 ||    70

Table legend:
 A = Non-vault XP
 B = Vault XP
 C = Vault XP percentage of total XP
 D = Non-vault monster count
 E = Vault monster count
 F = Vault count percentage of total count
                 A         B        C        D         E       F
            +---------+---------+-------+---------+---------+-------
      Total |     165 |       8 |   4.6 |      32 |       4 |  11.1
            +---------+---------+-------+---------+---------+-------
        D:1 |      42 |       8 |  16.0 |      22 |       4 |  15.4
        D:2 |     123 |       0 |   0.0 |      10 |       0 |   0.0
            +---------+---------+-------+---------+---------+-------
